Cogmind - Beta 10 X2 @@@ ROGUE MODE // 2020.08.30 @ 13:02:18 Player: Torako Result: Destroyed by B-75 Beast with Heavy Plasma Cannon Performance ------------- Evolutions (3) 1500 Regions Visited (7) 1400 Robots Destroyed (71) 355 Value Destroyed (2767) 2767 Prototype IDs (3) 60 Alien Tech Used (0) 0 Bonus (40) 40 TOTAL SCORE: 6122 Bonus ------- Follower Combat Kills 40 Cogmind --------- Core Integrity 0/700 Matter 285/300 Energy 160/160 System Corruption 13% Temperature Cool (12) Movement Treading (200) Ox2 Location -7/Lower Caves Parts ------- > --- POWER (1) -------- Light Nuclear Core > --- PROPULSION (2) --- Light Treads Medium Treads > --- UTILITY (7) ------ Improved Heat Sink Coolant Injector Coolant Injector Humpback Long-range Sensor Array Advanced Signal Interpreter > --- WEAPON (3) ------- Cooled Particle Cannon > --- INVENTORY (24) --- Light Nuclear Core Light Nuclear Core Light Nuclear Core Neutrino Core Light Treads Aluminum Leg Armored Huge Wheel Coolant Injector Coolant Injector Large Storage Unit Humpback Advanced Signal Interpreter Improved Trap Extractor Improved EM Pulse Cannon Missile Launcher Peak State ------------ > --- POWER ------------ Improved Deuterium Engine > --- PROPULSION ------- Advanced Treads Medium Treads > --- UTILITY ---------- Coolant Injector Humpback Long-range Sensor Array Advanced Signal Interpreter Improved Medium Armor Plating System Backup Module > --- WEAPON ----------- Improved EM Pulse Cannon Improved EM Pulse Cannon Gauss Rifle > --- INVENTORY -------- Light Nuclear Core Light Nuclear Core Light Treads Light Treads Medium Treads Armored Huge Wheel Coolant Injector Coolant Injector Coolant Injector Humpback Humpback Advanced Signal Interpreter Medium Reactive Plating Improved Trap Extractor Improved EM Pulse Cannon Cooled Particle Cannon Missile Launcher Axe [Rating: 50] Favorites ----------- Power Light Nuclear Core Engine Ion Engine Power Core Light Nuclear Core Propulsion Advanced Treads Treads Advanced Treads Leg Aluminum Leg Utility Humpback Device Coolant Injector Storage Humpback Processor Advanced Signal Interpreter Hackware Hacking Suite Protection Hardened Light Armor Plating Weapon Cooled Particle Cannon Energy Gun Particle Gun Energy Cannon Cooled Particle Cannon Ballistic Gun Assault Rifle Launcher Missile Launcher Slashing Weapon Axe Build | -11 -10 -10 -10 -9 -8 -7 -7 ------- Run | Scr Mat Min Exi Min Mat Fac Low Slots Evolved 6 | . . . . . 4 2 . Power . | . . . . . . . . Propulsion . | . . . . . . . . Utility 5 | . . . . . 3 2 . Weapon 1 | . . . . . 1 . . Parts Attached 94 | . 7 . 1 . 24 44 18 Power 8 | . . . . . 1 4 3 Engine 3 | . . . . . 1 2 . Core 5 | . . . . . . 2 3 Reactor . | . . . . . . . . Propulsion 12 | . 2 . . . 4 4 2 Treads 10 | . 2 . . . 2 4 2 Leg 2 | . . . . . 2 . . Wheel . | . . . . . . . . Hover . | . . . . . . . . Flight . | . . . . . . . . Utility 47 | . 2 . 1 . 12 23 9 Device 16 | . . . . . 3 7 6 Storage 4 | . . . 1 . 1 1 1 Processor 1 | . . . . . . 1 . Hackware 1 | . . . . . . 1 . Protection 25 | . 2 . . . 8 13 2 Artifact . | . . . . . . . . Weapon 27 | . 3 . . . 7 13 4 Energy Gun 2 | . . . . . 1 . 1 Energy Cannon 9 | . . . . . . 8 1 Ballistic Gun 13 | . 3 . . . 6 4 . Ballistic Cannon . | . . . . . . . . Launcher 1 | . . . . . . . 1 Special Weapon . | . . . . . . . . Impact Weapon . | . . . . . . . . Slashing Weapon 2 | . . . . . . 1 1 Piercing Weapon . | . . . . . . . . Special Melee Weapon . | . . . . . . . . Unidentified Prototypes 3 | . . . . . 2 1 . Parts Lost 45 | . . . . . 10 22 13 Power 5 | . . . . . 1 3 1 Propulsion 8 | . . . . . 2 4 2 Utility 17 | . . . . . 2 10 5 Weapon 15 | . . . . . 5 5 5 Highest Loss Streak 10 | . . . . . 7 10 10 Average Slot Usage (%) 86 | . 91 100 94 85 78 87 79 Engine 5 | . 14 14 14 14 7 1 3 Core 3 | . . . . . . 5 3 Treads 16 | . 11 28 28 28 13 14 14 Leg 1 | . 16 . . . 3 . . Device 12 | . . . . . 4 18 18 Storage 7 | . 8 . 4 14 9 7 6 Processor 2 | . . . . . . 3 7 Hackware 2 | . . . . . . 4 . Protection 10 | . 12 28 17 . 18 8 7 Energy Gun 1 | . 1 . . . 4 . 3 Energy Cannon 5 | . . . . . . 9 7 Ballistic Gun 13 | . 26 28 28 28 16 9 . Naked Turns . | . . . . . . . . Heaviest Build 137 | 11 18 18 88 88 111 119 137 Greatest Support 56 | 20 40 40 40 40 44 50 56 Greatest Overweight (x) 5 | . . . 2 2 5 5 2 Average Overweight (x) 1 | . . . . 2 2 2 1 Largest Inventory Capacity 44 | . 6 4 24 24 44 24 24 Average Capacity 20 | . 5 4 11 24 24 24 23 Most Carried 24 | . 6 4 18 22 24 24 24 Average Carried 18 | . 5 4 6 21 21 21 19 Final Capacity 24 | 6 4 4 24 24 24 24 24 Final Carried 22 | 6 4 4 18 22 22 22 17 Class Distribution -------------------- 65% | Hauler-Mutant 16% | Hauler-Tank 16% | Mutant Dominant Class ---------------- Mutant | -10/Materials Mutant | -10/Mines Mutant | -10/Exiles Hauler-Mutant | -9/Mines Hauler-Mutant | -8/Materials Hauler-Mutant | -7/Factory Hauler-Mutant | -7/Lower Caves Resources | -11 -10 -10 -10 -9 -8 -7 -7 ----------- Run | Scr Mat Min Exi Min Mat Fac Low Matter Collected 1597 | 149 154 . . 99 434 616 145 Remotely . | . . . . . . . . Salvage Created 2873 | . 183 . . 95 520 1429 646 Parts 149 | . 13 . . 2 36 78 20 Haulers Intercepted 1 | . . . . . . 1 . Recyclers Shooed . | . . . . . . . . Parts Field Recycled . | . . . . . . . . Retrieved Matter . | . . . . . . . . Parts Self-Destructed 20 | . . . . . . . 20 Prevented 4 | . . . . . . . 4 Kills | -11 -10 -10 -10 -9 -8 -7 -7 ------- Run | Scr Mat Min Exi Min Mat Fac Low Combat Hostiles Destroyed 65 | . 6 . . 2 13 28 16 Melee 6 | . . . . . 2 . 4 Guns 23 | . 6 . . 2 11 4 . Cannons 29 | . . . . . . 22 7 AOE 4 | . . . . . . 1 3 Classes Destroyed 10 | . 3 . . . 4 3 . Hauler 1 | . . . . . . 1 . Operator 1 | . 1 . . . . . . Watcher 4 | . . . . . 1 3 . Swarmer 23 | . 3 . . . 5 7 8 Grunt 20 | . 3 . . 2 2 8 5 Brawler 3 | . . . . . 1 . 2 Duelist 3 | . . . . . 1 2 . Sentry 10 | . . . . . 4 5 1 Hunter 2 | . . . . . . 2 . Programmer 4 | . . . . . . 4 . Best Kill Streak 5 | . 3 . . 2 4 5 5 Combat Bots Only 5 | . 3 . . 2 4 5 5 Max Kills in Single Turn 3 | . 1 . . 1 1 1 3 Gunslinging . | . . . . . . . . Exploded 3 | . . . . . . 1 3 Melee 1 | . . . . . 1 . 1 Uniques/NPCs Destroyed . | . . . . . . . . Combat | -11 -10 -10 -10 -9 -8 -7 -7 -------- Run | Scr Mat Min Exi Min Mat Fac Low Damage Taken 8407 | . 213 . . 77 2217 3928 1972 Core 1006 | . 10 . . . 287 471 238 Absorbed by Shields . | . . . . . . . . Core Remaining (%) 81 | 100 . . . 96 47 . . Volleys Fired 190 | . 25 . 1 6 53 75 30 Largest 3 | . 2 . 2 2 3 3 2 Hottest 180 | . 60 . 40 40 103 180 155 Shots Fired 377 | . 50 . 2 12 105 169 39 Gun 249 | . 50 . 2 12 105 67 13 Cannon 127 | . . . . . . 102 25 Launcher 1 | . . . . . . . 1 Special . | . . . . . . . . Kinetic 227 | . 48 . 2 12 98 67 . Thermal 126 | . 2 . . . 7 92 25 Explosive 1 | . . . . . . . 1 Electromagnetic 23 | . . . . . . 10 13 Robot Hit Streak 23 | . 7 . . 7 13 23 11 Robot Miss Streak 5 | . 2 . . 1 5 3 2 Penetration Max 1 | . . . . . . 1 . Secondary Targets 1 | . . . . . 1 . . Max Gunslinging Chain 1 | . . . . . 1 . . Shots Hit Robots 276 | . 34 . . 8 74 121 39 Core Hits 134 | . 11 . . 4 30 69 20 Critical Hits 6 | . . . . . 1 2 3 Critical Kills 3 | . . . . . . 1 2 Critical Parts Destroyed 3 | . . . . . 1 1 1 Melee Attacks 19 | . . . . . . 5 14 Impact . | . . . . . . . . Slashing 19 | . . . . . . 5 14 Piercing . | . . . . . . . . Sneak Attacks 3 | . . . . . . 3 . Combat Hostiles . | . . . . . . . . Follow-up Attacks . | . . . . . . . . Damage Inflicted 6354 | . 344 . . 90 987 3439 1494 Guns 2322 | . 344 . . 90 938 801 149 Cannons 2952 | . . . . . . 2178 774 Explosions 344 | . . . . . . 90 254 Melee 662 | . . . . . . 345 317 Ramming 74 | . . . . . 49 25 . Kinetic 2088 | . 321 . . 90 876 801 . Thermal 2731 | . 23 . . . 62 2068 578 Explosive 254 | . . . . . . . 254 Electromagnetic 545 | . . . . . . 200 345 Impact . | . . . . . . . . Slashing 662 | . . . . . . 345 317 Piercing . | . . . . . . . . Highest Corruption 13 | . . . . . 5 3 13 Average Corruption 4 | . . . . . 5 1 12 Corruption Purged 4 | . . . . . . 4 . Effects 56 | . . . . . 26 8 22 Message Errors 14 | . . . . . 7 4 3 Matter Fused 3 | . . . . . 1 . 2 Heat Flow Errors 8 | . . . . . 3 2 3 Energy Discharges 7 | . . . . . 3 . 4 Parts Rejected 2 | . . . . . 1 . 1 Data Loss (minor) 4 | . . . . . 3 . 1 Misfires 2 | . . . . . 2 . . Misdirections 6 | . . . . . . . 6 Targeting Errors 9 | . . . . . 5 2 2 Weapon Failures 1 | . . . . . 1 . . Overload Shots 20 | . . . . . . 14 6 Effects 1 | . . . . . . 1 . Energy Bleed 1 | . . . . . . 1 . Overflow Damage 286 | . . . . . . 240 46 Projectiles 109 | . . . . . . 97 12 Explosions 34 | . . . . . . . 34 Melee 143 | . . . . . . 143 . Knockbacks . | . . . . . . . . Impact . | . . . . . . . . Kinetic . | . . . . . . . . Secondary . | . . . . . . . . Self-Inflicted Damage 173 | . . . . . 3 168 2 Shots 3 | . . . . . . 2 1 Rammed 14 | . . . . . 9 5 . Targets Rammed 15 | . . . . . 10 5 . Kicked . | . . . . . . . . Crushed 1 | . . . . . 1 . . Highest Temperature 399 | . 20 . . 6 399 198 196 Average Temperature 111 | . 9 . . 6 158 79 91 Received Heat Transfer 1971 | . 54 . . 42 765 786 324 Effects 6 | . . . . . 6 . . Shutdowns 2 | . . . . . 2 . . Energy Bleed 1 | . . . . . 1 . . Interference 1 | . . . . . 1 . . Short Circuit 1 | . . . . . 1 . . Damage (minor) 1 | . . . . . 1 . . Siege Activations . | . . . . . . . . Robots Corrupted 3 | . . . . . . 1 2 Combat Hostiles 3 | . . . . . . 1 2 Parts Fried 6 | . . . . . . 1 5 Impact Corruptions . | . . . . . . . . Robots Melted . | . . . . . . . . Combat Hostiles . | . . . . . . . . Parts Melted 5 | . . . . . . 3 2 Heat Transferred 3562 | . 50 . . . 222 2448 842 Parts Sabotaged . | . . . . . . . . Parts Stolen . | . . . . . . . . Parts Stripped . | . . . . . . . . Power Chain Reactions . | . . . . . . . . Missiles Intercepted . | . . . . . . . . Alert | -11 -10 -10 -10 -9 -8 -7 -7 ------- Run | Scr Mat Min Exi Min Mat Fac Low Peak Influence 398 | . 162 5 . 55 207 398 . Average Influence 83 | . 61 5 . 30 74 95 . Maximum Alert Level 1 | . . . . . 1 1 . Low Security (%) 91 | . 100 100 . 100 81 91 . Level 1 8 | . . . . . 18 8 . Level 2 . | . . . . . . . . Level 3 . | . . . . . . . . Level 4 . | . . . . . . . . Level 5 . | . . . . . . . . High Security . | . . . . . . . . Max Security . | . . . . . . . . Squads Dispatched 16 | . 2 . . 1 3 10 . Investigation 5 | . 1 . . 1 1 2 . Extermination 4 | . . . . . . 4 . Reinforcement 5 | . 1 . . . 2 2 . Assault 1 | . . . . . . 1 . Garrison 1 | . . . . . . 1 . Intercept . | . . . . . . . . Construction Impeded . | . . . . . . . . Haulers Reinforced . | . . . . . . . . Stealth | -11 -10 -10 -10 -9 -8 -7 -7 --------- Run | Scr Mat Min Exi Min Mat Fac Low Distress Signals 8 | . 3 . . . 2 3 . Communications Jammed . | . . . . . . . . Distress Signals . | . . . . . . . . Times Spotted 108 | . 14 . . 2 27 39 26 Peak Tracking Total 9 | . 3 . . 2 9 5 9 Tactical Retreats 6 | . 2 . . . 1 . 3 Traps | -11 -10 -10 -10 -9 -8 -7 -7 ------- Run | Scr Mat Min Exi Min Mat Fac Low Traps Triggered 5 | . . . . . . 5 . Indirectly . | . . . . . . . . Trap Hack Attempts . | . . . . . . . . Triggered . | . . . . . . . . Disarmed . | . . . . . . . . Reprogrammed . | . . . . . . . . Reused . | . . . . . . . . Traps Extracted . | . . . . . . . . Installed . | . . . . . . . . Triggered 3 | . . . . . . . 3 Machines | -11 -10 -10 -10 -9 -8 -7 -7 ---------- Run | Scr Mat Min Exi Min Mat Fac Low Machines Disabled 5 | . . . . . . 5 . Max in Single Turn 3 | . . . . . . 3 . Garrison Access 1 | . . . . . . 1 . Machines Sabotaged . | . . . . . . . . Garrisons Compromised . | . . . . . . . . Overloaded Fab Kills . | . . . . . . . . Fab Network Shutdowns . | . . . . . . . . Hacking | -11 -10 -10 -10 -9 -8 -7 -7 --------- Run | Scr Mat Min Exi Min Mat Fac Low Machines Accessed 19 | . 2 . 1 2 3 11 . Terminals 9 | . 1 . . . 2 6 . Fabricators 2 | . . . . . . 2 . Repair Stations 1 | . . . . . 1 . . Recycling Units 2 | . 1 . . . . 1 . Scanalyzers 1 | . . . . . . 1 . Garrison Access 1 | . . . . . . 1 . Total Hacks 63 | . 4 . 23 2 5 29 . Successful 43 | . 2 . 23 2 2 14 . Failed 20 | . 2 . . . 3 15 . Catastrophic 2 | . . . . . 1 1 . Database Lockouts . | . . . . . . . . Manual 21 | . 3 . . 1 3 14 . Terminals 19 | . 2 . . . 3 14 . Fabricators 7 | . . . . . . 7 . Repair Stations 2 | . . . . . 2 . . Recycling Units 5 | . 2 . . . . 3 . Scanalyzers 3 | . . . . . . 3 . Garrison Access 2 | . . . . . . 2 . Terminal Hacks 30 | . 1 . 23 2 1 3 . Record 23 | . . . 23 . . . . Part Schematic 3 | . 1 . . . 1 1 . Open Door 2 | . . . . 2 . . . Unreport Threat 2 | . . . . . . 2 . Fabricator Hacks 2 | . . . . . . 2 . Load Schematic 1 | . . . . . . 1 . Build 1 | . . . . . . 1 . Repair Station Hacks 1 | . . . . . 1 . . Refit 1 | . . . . . 1 . . Recycling Unit Hacks 2 | . 1 . . . . 1 . Report Inventory 2 | . 1 . . . . 1 . Scanalyzer 3 | . . . . . . 3 . Insert Component 1 | . . . . . . 1 . Analyze 2 | . . . . . . 2 . Garrison Access Hacks . | . . . . . . . . Unauthorized Hacks 5 | . . . . . . 5 . Terminals 5 | . . . . . . 5 . Botnet 5 | . . . . . . 5 . Fabricators . | . . . . . . . . Repair Stations . | . . . . . . . . Recycling Units . | . . . . . . . . Scanalyzers . | . . . . . . . . Garrison Access . | . . . . . . . . Data Cores Recovered . | . . . . . . . . Used . | . . . . . . . . Hacking Detections 15 | . 2 . . . 2 11 . Full Trace Events 3 | . 1 . . . . 2 . Feedback Events . | . . . . . . . . Feedback Blocked . | . . . . . . . . Robot Schematics Acquired . | . . . . . . . . Robots Built . | . . . . . . . . Matter . | . . . . . . . . Time . | . . . . . . . . Total Robot Build Rating . | . . . . . . . . Part Schematics Acquired 4 | . 1 . . . 1 2 . Parts Built 2 | . . . . . . 2 . Matter 190 | . . . . . . 190 . Time 47 | . . . . . . 47 . Total Part Build Rating 10 | . . . . . . 10 . Parts Repaired . | . . . . . . . . Time . | . . . . . . . . Parts Recycled . | . . . . . . . . Recycled Matter . | . . . . . . . . Retrieved Matter . | . . . . . . . . Retrieved Components . | . . . . . . . . Parts Scanalyzed 1 | . . . . . . 1 . Part Schematics Acquired 1 | . . . . . . 1 . Parts Damaged . | . . . . . . . . Bothacking | -11 -10 -10 -10 -9 -8 -7 -7 ------------ Run | Scr Mat Min Exi Min Mat Fac Low Used RIF Installer . | . . . . . . . . Robots Hacked . | . . . . . . . . Non-combat . | . . . . . . . . Combat . | . . . . . . . . Robot Hacks Applied . | . . . . . . . . Relay Couplers Released 2 | . . . . . . 2 . Machine Destruction 2 | . . . . . . 2 . Robots Rewired 2 | . . . . . . . 2 Allies Hacked . | . . . . . . . . Hacks Repelled . | . . . . . . . . Allies | -11 -10 -10 -10 -9 -8 -7 -7 -------- Run | Scr Mat Min Exi Min Mat Fac Low Total Allies 2 | . . . . . . . 2 Largest Group 2 | . . . . . . . 2 Highest-Rated Group 32 | . . . . . . . 32 Highest-Rated Ally 16 | . . . . . . . 16 Total Orders . | . . . . . . . . Ally Attacks 8 | . . . . . . . 8 Total Damage 94 | . . . . . . . 94 Kills 2 | . . . . . . . 2 Allies Corrupted . | . . . . . . . . Allies Melted . | . . . . . . . . Intel | -11 -10 -10 -10 -9 -8 -7 -7 ------- Run | Scr Mat Min Exi Min Mat Fac Low Robot Analysis Total . | . . . . . . . . Derelict Logs Recovered 3 | . . . . 1 . . 2 Drone Launches 16 | . . . . . 16 . . Drone Recoveries . | . . . . . . . . Exploration | -11 -10 -10 -10 -9 -8 -7 -7 ------------- Run | Scr Mat Min Exi Min Mat Fac Low Turns Passed 6224 | . 540 95 600 258 753 3121 857 Spaces Moved 2788 | 1 255 60 342 115 244 1394 377 Core . | . . . . . . . . Treads 2548 | . 66 60 342 115 194 1394 377 Legs 240 | 1 189 . . . 50 . . Wheels . | . . . . . . . . Hover . | . . . . . . . . Flight . | . . . . . . . . Fastest Speed 120 | 120 120 160 160 200 185 185 160 Average Speed 182 | 120 130 160 172 200 201 189 186 Slowest Speed 270 | 120 160 160 200 200 270 245 200 Overloaded Moves . | . . . . . . . . Propulsion Burnouts . | . . . . . . . . Robots Hopped . | . . . . . . . . Cave-ins Triggered . | . . . . . . . . Exploration Rate (%) 38 | 2 34 21 80 32 59 42 38 Regions Visited 7 Branch Regions 4 Pre-discovered Areas 3 | . . . 1 . . . 2 Known Exits Taken 2 | . . . . . 1 1 . Unknown Exits Taken 5 | 1 1 1 1 1 . . . Scrap Searched 2 | . . . . . . . 2 Spaces Dug 10 | . . . . . . 2 8 Terrain Destroyed 63 | . . . . . . 54 9 Melee 1 | . . . . . . 1 . Projectile 12 | . . . . . . 11 1 AOE 50 | . . . . . . 42 8 Actions | -11 -10 -10 -10 -9 -8 -7 -7 --------- Run | Scr Mat Min Exi Min Mat Fac Low Total 3554 | . 422 59 353 133 413 1709 465 Wait 309 | . 121 . . 10 59 115 4 Move 2781 | . 254 59 341 114 243 1393 377 Hop . | . . . . . . . . Pick Up 86 | . 4 . 8 3 12 41 18 Fast Attach 37 | . 3 . 1 . 9 20 4 Attach 35 | . 2 . . . 13 12 8 Detach 8 | . 1 . . . 4 3 . Swap 22 | . 2 . . . 2 12 6 Drop 42 | . 10 . 2 . 8 22 . Fire 190 | . 25 . 1 6 53 75 30 Melee 19 | . . . . . . 5 14 Ram . | . . . . . . . . Kick 1 | . . . . . 1 . . Crush 14 | . . . . . 9 5 . Escape Stasis 6 | . . . . . . 6 . Rewire 4 | . . . . . . . 4 Trap . | . . . . . . . . Miscellaneous . | . . . . . . . . Route ------- -11/Scrapyard -10/Materials (discovered 2 exits: [*Mat] / [*Min]) -10/Mines -10/Exiles -9/Mines -8/Materials (discovered 2 exits: *Fac x2) -7/Factory -7/Lower Caves History --------- Turn | Location | Event 1 | -11/Scrapyard | Discovered new exit (range 0) 1 | -11/Scrapyard | Entered Materials 297 | -10/Materials | Discovered new exit (range 8) 343 | -10/Materials | Build established: Mutant 349 | -10/Materials | Discovered new exit (range 14) 541 | -10/Materials | Entered Mines 629 | -10/Mines | Deemed a non-threat by the Exiles lab entrance 629 | -10/Mines | Discovered new exit (range 5) 636 | -10/Mines | Entered Exiles 676 | -10/Exiles | Met 8R-AWN 702 | -10/Exiles | Met EX-HEX 760 | -10/Exiles | Met EX-BIN 780 | -10/Exiles | Met EX-DEC 787 | -10/Exiles | Learned location of Zion (-6) 849 | -10/Exiles | Visited The Gauntlet 1214 | -10/Exiles | Discovered new exit (range 14) 1236 | -10/Exiles | Entered Mines 1241 | -9/Mines | Found the Drone Emporium 1256 | -9/Mines | Found Prototype Device 1260 | -9/Mines | Met a Derelict bent on vengeance 1304 | -9/Mines | Met a Derelict shopkeep closing up shop 1307 | -9/Mines | Build established: Hauler-Mutant 1392 | -9/Mines | Discovered new exit (range 8) 1494 | -9/Mines | Entered Materials 1494 | -8/Materials | Evolved 4 slots: Utility x3, Weapon x1 1495 | -8/Materials | Identified exit to Factory 1592 | -8/Materials | Identified Decoy Drone Bay 1618 | -8/Materials | Discovered exit to Factory (range 56) 1621 | -8/Materials | Lost 7 parts (1p2n1u3w) 2011 | -8/Materials | Build established: Hauler-Tank 2099 | -8/Materials | Core integrity fell below 50% 2138 | -8/Materials | Lost 3 parts (1u2w) 2247 | -8/Materials | Entered Factory 2247 | -7/Factory | Evolved 2 slots: Utility x2 2510 | -7/Factory | Fabricated Power Amplifier (x2) 3210 | -7/Factory | Lost 4 parts (2u2w) 3442 | -7/Factory | Build established: Hauler-Mutant 4627 | -7/Factory | Garrison activated, responded to threat 4689 | -7/Factory | Lost 3 parts (1p2u) 4755 | -7/Factory | Core integrity fell below 50% 4791 | -7/Factory | Lost 10 parts (1p2n4u3w) 5343 | -7/Factory | Discovered new exit (range 5) 5354 | -7/Factory | Identified exit to Lower Caves 5368 | -7/Factory | Entered Lower Caves 5789 | -7/Lower Caves | Attracted the attention of an 0b10 outpost 5802 | -7/Lower Caves | Core integrity fell below 20% 5818 | -7/Lower Caves | System corruption reached 10% 5848 | -7/Lower Caves | Lost 10 parts (1p1n5u3w) 6196 | -7/Lower Caves | Spotted B-75 Beast 6225 | -7/Lower Caves | Destroyed by B-75 Beast with Heavy Plasma Cannon Last Messages --------------- System corrupted: Matter fused (-8). System corrupted: Heat flow error (+128). Trooper 4b destroyed. S-27 Virus destroyed. S-27 Virus suffers critical hit. S-27 Virus destroyed. VTOL Module fries itself beyond repair. Autogun fries itself beyond repair. VTOL Module fries itself beyond repair. Autogun fries itself beyond repair. Acquired 17 matter. VTOL Module fries itself beyond repair. Acquired Imp. Heat Sink. R1GLS9P>QE2WH<%7 FEYPDS,C|5A2ELU2LH Acquired 10 matter. Acquired Lgt. Nuclear Core. Acquired Aluminum Leg. System corrupted: Lgt. Nuclear Core rejected. Trooper 4a destroyed. Med. Treads destroyed. Map ----- +----------------------------------------------------+ | ????????????????????????# ### | | ????????????????????????# ### #?? | | ????????????????????????# ## ### ##?? | | ????????????????????????# # ## ## ###??? | | ????????????????????????# ### ## ### ##????? | | ????????????????????????# ## ######?# #######?? | | ????????????????????????# # ###????# ## ##? | | ????????????????????????## #### ##### #? | | ?????????????????????????####?# #?? | | ??????????????????????????????# #?? | | ??????????????????????????????# ##? | | ??????????????????????????????# ## | | ??????????????????????????????### ## # | | ????????????????????????????????###### | | ??????????????????????????????####### % | | ?????????????????????????????## ## | | ??????????????????????????#### # | | ??????????????????????????# % %% ## | | ??????????????????????????# ### "# | | ??????????????????????????## #?# #### ## | | ???????????????????????????######"* ##?###???# | | ??????????????#######???###?????## * #????????? | | ???????????#### ?## ##???## =%=#?????????? | | ???????????? # #####; ##?????????? | | ????????????????# ;#??????????? | | ??????????????????# @ #??????????? | | ??????????????????## ### ##; #?????????? | | ???????????????????## ????## ; ;# ????? | | ???????????????????????????##### ; ???? | | ?????????????????????????????????# ???? | | ?????????????????????????????????## BB ???? | | ??????????????????????????????????# BB #???? | | ??????????????????????????????????? #???? | | ??????????????????????????????????? #???? | | ??????????????????????????????????? ????? | | ??????????????????????????????????? #### ?????? | | ???????????????????????????????????#????##???????? | | ?????????????????????????????????????????????????? | | ?????????????????????????????????????????????????? | | ?????????????????????????????????????????????????? | | ?????????????????????????????????????????????????? | | ?????????????????????????????????????????????????? | | ?????????????????????????????????????????????????? | | ?????????????????????????????????????????????????? | | ?????????????????????????????????????????????????? | | ?????????????????????????????????????????????????? | | ?????????????????????????????????????????????????? | | ?????????????????????????????????????????????????? | | ?????????????????????????????????????????????????? | | ?????????????????????????????????????????????????? | +----------------------------------------------------+ Best States ------------- Heat Dissipation 48 Coolant Potential 195 Energy Generation 16 Energy Capacity 290 Matter Stores 300 Matter Capacity 300 Sight Range 16 Robot Scan Range 20 Terrain Scan Density 10 Power Amplification 20 Armor Coverage 525 Resistance: KI 30 Evasion (%) 40 Recoil Reduction 2 Matter Filtering 30 Offensive Hacking 10 Item Schematics ----------------- Hcp. Storage Unit | -10/Materials | Hacked Adv. Signal Interpreter | -8/Materials | Hacked Adv. Sensor Array | -7/Factory | Hacked Lrn. Sensor Array | -7/Factory | Scanalyzed Robot Schematics ------------------ None Fabricated ------------ Power Amplifier | x2 | -7/Factory | Preloaded Alien Tech Used ----------------- None Achievements -------------- None Challenges ------------ None Game ------ Seed CatalystLargeTorch Manual? 0 Play Time 01:00:15 Cumulative 193.8 hours Start 2020.08.30 @ 11:45:57 End 2020.08.30 @ 13:02:18 Sessions 1 Manual Loads 0 Difficulty Rogue Special Mode None Game No. 214 Rogue 214 Adventurer 0 Explorer 0 Win Type - Total 8 Types 6/0/2/0/0/0/0 Lore% 74 Gallery% 83 Achievement% 61 Wizard Run 0 Options --------- ASCII 0 Keyboard 1 Movement Numpad Keybinds 0 Fullscreen 1 Font 18/SmallcapsGlow Map View 76x50 Tactical HUD 1 Map Filters NONE Filters NONE Steam 1 RUN: 93709918-54bb-404b-ba82-ff59e3cab2fb